 Dungeon Sprint DCSS version 0.02-122-g12e50fee3c (webtiles) character file.

Game seed: 2921641943605839754, levelgen mode: deterministic

20340 lorenzova the Sorcerer (level 12, -16/64 HPs) Deep Elf Fire Elementalist. Began on Oct 6, 2020. Was the Champion of Vehumet. Demolished by Rupert ... wielding a cursed +2 battleaxe of electrocution {(Curse: rF-)} (21 damage) ... while paralysed ... in the Dungeon (Sprint III: "The Ten Rune Challenge"). The game lasted 00:25:44 (3105 turns).

lorenzova the Sorcerer (Deep Elf Fire Elementalist) Turns: 3105, Time: 00:25:46

Health: -16/64     AC: 22    Str:  5    XL:     12 ^: 8975
Magic:  19/43      EV:  2    Int: 26    God:    Vehumet [6* [200]]
Gold:   7241       SH:  0    Dex: 15    Spells: 15/61 levels left

rFire    + . .     Vision   +   p - +1 long sword (holy)
rCold    . . .     Gourm    .   x - +4 staff of fire
rNeg     + + +     Faith    .   a - +0 robe
rPois    ∞         Spirit   .   b - +0 helmet
rElec    .         Reflect  .   (no cloak)
rCorr    .         Harm     .   (no gloves)
MR       +....     NoTele   +   (no boots)
Stlth    ++........             (no amulet)
HPRegen  0.31/turn              (no ring)
MPRegen  0.53/turn              (no ring)

@: petrified, held, studying Armour
A: see invisible, blink, robust 1, shaggy fur 1
a: Blink, Renounce Religion


You were in the Dungeon.
You worshipped Vehumet.
Vehumet was exalted by your worship.
You were hungry.

You visited 1 branch You collected 7956 gold pieces.
You spent 715 gold pieces at shops.

Inventory:

Weapons
 j - a +4 dagger of holy wrath
 p - a +1 long sword of holy wrath (weapon)
Armour
 a - a +0 robe (worn)
 b - a +0 helmet (worn)
Magical Staves
 x - a +4 staff of fire (weapon)
Jewellery
 t - the cursed ring of Myampyar {Ice Str+7, (Curse: -Vis)}
   (You found it in the Dungeon)

   [ring of ice]

   It enhances your ice magic.
   It affects your strength (+7).
   It makes you vulnerable to fire.
   It protects you from cold.
   It has a curse placed upon it.
   { (Curse: -Vis)}
Wands
 o - a wand of ensnaring (1)
 r - a wand of flame (14)
Scrolls
 i - 2 scrolls of blinking
 k - 2 scrolls of bless item
 l - a scroll of holy word
 n - a scroll of torment
 u - 2 scrolls of enchantment
 v - a scroll of fear
Potions
 d - a potion of curing
 e - 4 potions of heal wounds
 f - a potion of haste
 g - a potion of magic
 h - 2 potions of berserk rage
 m - 3 potions of mutation
 q - 2 potions of might
Books
 w - a manual of Armour
Miscellaneous
 s - 2 sacks of spiders
Comestibles
 c - 12 rations


   Skills:
 + Level 7.1 Armour
 - Level 2.4 Dodging
 - Level 2.4 Stealth
 + Level 25.3 Spellcasting
 + Level 6.4 Summonings
 + Level 22.2 Fire Magic


You had 15 spell levels left.
You knew the following spells:

 Your Spells              Type           Power        Failure   Level  Hunger
a - Fire Storm            Fire           134 (200)    3%          9    ######.
b - Searing Ray           Fire           50 (50)      0%          2    None
c - Conjure Flame         Fire           100 (100)    0%          3    None
d - Sticky Flame          Fire/Pois      100 (100)    1%          4    None
e - Swiftness             Chrm/Air       32 (100)     1%          2    None
f - Fireball              Fire           134 (200)    0%          5    None
g - Bolt of Fire          Fire           134 (200)    0%          6    None
h - Ignition              Fire           134 (200)    1%          8    ####...
i - Starburst             Fire           134 (200)    0%          6    None
j - Spellforged Servitor  Summ           61 (200)     16%         7    ##.....

Your spell library contained the following spells:

 Spells                   Type           Power        Failure   Level  Hunger
 Flame Tongue             Fire           40 (40)      0%          1    None
 Foxfire                  Fire           25 (25)      0%          1    None
 Animate Skeleton         Necr           N/A          1%          1    None
 Confusing Touch          Hex            32 (50)      1%          1    None
 Shock                    Air            25 (25)      1%          1    None
 Summon Small Mammal      Summ           25 (25)      1%          1    None
 Passwall                 Tmut/Erth      32 (120)     1%          2    None
 Throw Frost              Ice            32 (50)      1%          2    None
 Ignite Poison            Fire/Tmut      100 (100)    1%          3    None
 Inner Flame              Hex/Fire       100 (100)    1%          3    None
 Static Discharge         Air            32 (100)     1%          3    None
 Bolt of Magma            Fire/Erth      106 (200)    1%          5    None
 Ring of Flames           Chrm/Fire      106 (200)    1%          6    None
 Fulminant Prism          Hex            32 (200)     2%          4    None
 Iskenderun's Battlesphe  Chrm/Erth      32 (100)     8%          5    None
 Lee's Rapid Deconstruct  Erth           32 (200)     8%          5    None
 Yara's Violent Unravell  Hex/Tmut       32 (200)     8%          5    None
 Passage of Golubria      Tloc           N/A          10%         4    None
 Methodical Deconstructi  Erth           32 (200)     26%         5    None
 Ozocubu's Refrigeration  Ice            32 (200)     36%         6    None
 Poison Arrow             Pois           32 (200)     36%         6    None
 Darkness                 Hex            32 (200)     82%         6    None
 Invisibility             Chrm           32 (100)     82%         6    None
 Shatter                  Erth           32 (200)     100%        9    ######.
 Tornado                  Air            32 (200)     100%        9    ######.


Dungeon Overview and Level Annotations

Branches:
Dungeon (1/1)

Altars:
Cheibriados
Dithmenos
Elyvilon
Fedhas Madash
Gozag Ym Sagoz
Hepliaklqana
Kikubaaqudgha
Makhleb
Nemelex Xobeh
Okawaru
Qazlal
Ru
Sif Muna
Trog
Uskayaw
Vehumet
Wu Jian
Xom
Yredelemnul
Zin
The Shining One
Beogh
Jiyva
Lugonu

Shops:
D :

Annotations:
D Rupert


Innate Abilities, Weirdness & Mutations

You have supernaturally acute eyesight. (+Vis)
You can translocate small distances at will.
You are robust. (+10% HP)
You are covered in fur. (AC +1)


Message History

Your limbs have turned to stone.
Rupert yells loudly at you.
You are confused.
You have turned to stone.
The blink frog is engulfed in a cloud of scalding steam.
The blink frog blinks!
Rupert roars wildly at you.
You struggle to resist.
The blink frog blinks!
Rupert roars madly and goes into a rage!
Rupert goes berserk!
Rupert hits you with a cursed +2 battleaxe of electrocution {(Curse: rF-)} (29)!!
You are electrocuted (5).
You feel less confused.
Rupert hits you with a cursed +2 battleaxe of electrocution {(Curse: rF-)} (21)!!
* * * LOW HITPOINT WARNING * * *
You are electrocuted (4).
* * * LOW HITPOINT WARNING * * *
Rupert hits you with a cursed +2 battleaxe of electrocution {(Curse: rF-)} (21)!!
You die...

≈≈≈≈≈≈≈≈≈♣♣.≈≈≈≈+♣.+.≈≈≈≈≈≈≈≈≈≈≈≈
≈≈≈≈≈≈F≈.≈+.....#.≈..............
≈≈,≈≈≈≈.........#.†.......†......
≈≈≈≈≈≈≈≈≈.F...÷.###.....†.†......
***+**#####....÷.♣..##.†##≈≈≈≈≈≈.
,,,,,,.....♣.......##†##.#≈≈≈≈b..
###########+......##.##,##+≈≈≈≈○#
≈..........b...@...#.##,,,#≈≈..○○
≈≈...########...@..##.#*,,#≈..+##
≈≈≈....†...........##.#***#...#,,
≈≈≈≈...††.............#*,,....***
##########+############*+********
**** *≈** *≈≈≈≈≈≈≈≈≈ ,,,*** **,*
*≈≈≈≈≈≈≈≈≈ ,,,,,** *,** ******
*≈≈≈,,≈≈≈≈ ,,,,,,** **,* *,,,,*
*≈≈,,,,≈≈≈ ***,,,,* *,** *,,,,*
*≈≈≈,,≈≈≈≈


You could see Rupert (berserk) and a blink frog.

Vanquished Creatures
  Dowan (D)
  A deep elf annihilator (D)
  2 deep elf demonologists (D)
  Erolcha (D)
  2 deep elf high priests (D)
  2 hydras (D)
  A lindwurm (D)
  7 deep elf magi (D)
  4 death yaks (D)
  2 black mambas (D)
  2 spiny frogs (D)
  Duvessa (D)
  A rime drake (D)
  A komodo dragon (D)
  A queen bee (D)
  2 tyrant leeches (D)
  3 wandering mushrooms (D)
  3 blink frogs (D)
  A shadow (D)
  5 redbacks (D)
  A spatial vortex (D)
  A necrophage (D)
  A swamp drake (D)
  3 orc warriors (D)
  A hydra simulacrum (D)
  5 two-headed ogres (D)
  A water elemental (D)
  32 killer bees (D)
  2 black mamba simulacra (D)
  An electric eel (D)
  A polar bear simulacrum (D)
  An orc priest (D)
  A jelly (D)
  Jessica (D)
  A wizard (D)
  3 orc wizards (D)
  A necromancer (D)
  3 humans (D)
  A kobold demonologist (D)
  An ooze (D)
  A phantom (D)
  11 orcs (D)
  2 rats (D)
  A giant blowfly (D)
  6 plants (D)
126 creatures vanquished.

Vanquished Creatures (others)
  2 draconian scorchers (D)
  6 hellions (D)
  3 yaktaurs (D)
  25 foxfires (D)
  3 giant blowflies (D)
  4 plants (D)
43 creatures vanquished.

Grand Total: 169 creatures vanquished

Notes
Turn   | Place    | Note
-------+----------+-------------------------------------------
     0 | D        | lorenzova the Deep Elf Fire Elementalist began the quest
                  | for the Orb.
     0 | D        | Reached XP level 1. HP: 10/10 MP: 6/6
    20 | D        | Reached skill level 4 in Spellcasting
    67 | D        | Killed a hellion
    94 | D        | Noticed Jessica
   102 | D        | Killed Jessica
   102 | D        | Reached skill level 6 in Spellcasting
   102 | D        | Reached skill level 5 in Fire Magic
   102 | D        | Reached XP level 2. HP: 13/15 MP: 6/11
   102 | D        | Reached XP level 3. HP: 16/19 MP: 6/12
   105 | D        | Killed a hellion
   105 | D        | Killed a hellion
   113 | D        | Killed a hellion
   114 | D        | Killed a hellion
   116 | D        | Killed a hellion
   131 | D        | Killed a yaktaur
   133 | D        | Learned a level 2 spell: Searing Ray
   137 | D        | Learned a level 3 spell: Conjure Flame
   179 | D        | Killed a white draconian scorcher
   181 | D        | Killed a white draconian scorcher
   194 | D        | Reached skill level 7 in Spellcasting
   399 | D        | Gained mutation: You can translocate small distances at
                  | will. [potion of mutation]
   399 | D        | Gained mutation: You are robust. (+10% HP) [potion of
                  | mutation]
   399 | D        | Gained mutation: You are covered in fur. (AC +1) [potion of
                  | mutation]
   399 | D        | Gained mutation: You have supernaturally acute eyesight.
                  | (+Vis) [potion of mutation]
   402 | D        | Noticed a water elemental
   408 | D        | Killed a water elemental
   408 | D        | Reached skill level 9 in Spellcasting
   408 | D        | Reached XP level 4. HP: 26/26 MP: 7/17
   450 | D        | Learned a level 4 spell: Sticky Flame
   456 | D        | Found a radiant altar of Vehumet.
   456 | D        | Found a shimmering blue altar of Sif Muna.
   456 | D        | Found an ancient bone altar of Kikubaaqudgha.
   461 | D        | Reached XP level 5. HP: 30/30 MP: 13/19
   465 | D        | Reached skill level 10 in Spellcasting
   523 | D        | Learned a level 5 spell: Fireball
   526 | D        | Learned a level 2 spell: Swiftness
   529 | D        | Became a worshipper of Vehumet
   537 | D        | Found a glowing silver altar of Zin.
   537 | D        | Found a glowing golden altar of the Shining One.
   537 | D        | Found a white marble altar of Elyvilon.
   538 | D        | Noticed a deep elf mage
   544 | D        | Noticed an ice beast
   545 | D        | Killed a deep elf mage
   545 | D        | Reached skill level 13 in Spellcasting
   545 | D        | Reached XP level 6. HP: 7/35 MP: 3/24
   545 | D        | Reached XP level 7. HP: 8/39 MP: 3/26
   687 | D        | Found a hide-covered altar of Uskayaw.
   687 | D        | Found a roughly hewn altar of Beogh.
   687 | D        | Found an iron altar of Okawaru.
   687 | D        | Found a bloodstained altar of Trog.
   687 | D        | Found an ornate altar of the Wu Jian Council.
   688 | D        | Noticed a human
   690 | D        | Killed a human
   690 | D        | Reached skill level 14 in Spellcasting
   690 | D        | Reached * piety under Vehumet
   690 | D        | Offered knowledge of Shock by Vehumet.
   690 | D        | Reached skill level 15 in Spellcasting
   737 | D        | Found a basalt altar of Yredelemnul.
   737 | D        | Found a shadowy altar of Dithmenos.
   737 | D        | Found a sacrificial altar of Ru.
   779 | D        | Reached ** piety under Vehumet
   779 | D        | Offered knowledge of Throw Frost by Vehumet.
   779 | D        | Reached XP level 8. HP: 45/45 MP: 24/29
   930 | D        | Found a blossoming altar of Fedhas.
   930 | D        | Found a stormy altar of Qazlal.
   930 | D        | Found a snail-covered altar of Cheibriados.
   930 | D        | Found a burning altar of Makhleb.
   930 | D        | Found a shimmering altar of Xom.
   936 | D        | Offered knowledge of Static Discharge by Vehumet.
   936 | D        | Reached skill level 16 in Spellcasting
  1003 | D        | Found a hazy altar of Hepliaklqana.
  1003 | D        | Found an opulent altar of Gozag.
  1003 | D        | Found a sparkling altar of Nemelex Xobeh.
  1003 | D        | Found a corrupted altar of Lugonu.
  1003 | D        | Found a viscous altar of Jiyva.
  1057 | D        | Reached *** piety under Vehumet
  1098 | D        | Noticed a two-headed ogre
  1108 | D        | Killed a yaktaur
  1112 | D        | Killed a two-headed ogre
  1112 | D        | Reached skill level 17 in Spellcasting
  1156 | D        | Noticed a two-headed ogre
  1156 | D        | Noticed Erolcha
  1166 | D        | Killed Erolcha
  1166 | D        | Offered knowledge of Fulminant Prism by Vehumet.
  1166 | D        | Reached skill level 18 in Spellcasting
  1166 | D        | Reached skill level 15 in Fire Magic
  1166 | D        | Reached XP level 9. HP: 49/49 MP: 7/33
  1172 | D        | Killed a two-headed ogre
  1227 | D        | Reached **** piety under Vehumet
  1227 | D        | Offered knowledge of Bolt of Magma by Vehumet.
  1341 | D        | Found Leavarun's Book Shoppe.
  1343 | D        | Reached skill level 19 in Spellcasting
  1344 | D        | Reached ***** piety under Vehumet
  1344 | D        | Offered knowledge of Bolt of Fire by Vehumet.
  1346 | D        | Offered knowledge of Starburst by Vehumet.
  1349 | D        | Reached ****** piety under Vehumet
  1462 | D        | Learned a level 6 spell: Bolt of Fire
  1465 | D        | Bought a book of Fire for 715 gold pieces
  1475 | D        | Learned a level 8 spell: Ignition
  1482 | D        | Learned a level 6 spell: Starburst
  1488 | D        | Noticed a deep elf mage
  1488 | D        | Noticed a deep elf mage
  1488 | D        | Noticed a deep elf mage
  1488 | D        | Noticed a deep elf mage
  1488 | D        | Noticed a deep elf mage
  1502 | D        | Killed a deep elf mage
  1509 | D        | Killed a deep elf mage
  1509 | D        | Reached XP level 10. HP: 30/55 MP: 28/35
  1509 | D        | Killed a deep elf mage
  1509 | D        | Reached skill level 20 in Spellcasting
  1511 | D        | Killed a deep elf mage
  1511 | D        | Offered knowledge of Iskenderun's Battlesphere by Vehumet.
  1513 | D        | Killed a deep elf mage
  1562 | D        | Noticed a deep elf demonologist
  1566 | D        | Killed a deep elf demonologist
  1566 | D        | Reached skill level 21 in Spellcasting
  1673 | D        | Noticed a deep elf mage
  1673 | D        | Noticed a deep elf annihilator
  1680 | D        | Killed a deep elf mage
  1683 | D        | Noticed a deep elf high priest
  1690 | D        | Killed a deep elf high priest
  1692 | D        | Noticed a deep elf high priest
  1698 | D        | Identified the +9 staff of Axas {shield, air; rElec rC+
                  | Str+4 Slay-5}
  1698 | D        | Noticed a deep elf demonologist
  1708 | D        | Noticed a deep elf blademaster
  1708 | D        | Killed a deep elf demonologist
  1708 | D        | Reached skill level 22 in Spellcasting
  1708 | D        | Reached XP level 11. HP: 59/59 MP: 10/39
  1708 | D        | Killed a deep elf high priest
  1796 | D        | Killed a deep elf annihilator
  1796 | D        | Reached skill level 23 in Spellcasting
  2094 | D        | Offered knowledge of Yara's Violent Unravelling by Vehumet.
  2094 | D        | Received a gift from Vehumet
  2094 | D        | Offered knowledge of Poison Arrow by Vehumet.
  2094 | D        | Offered knowledge of Ozocubu's Refrigeration by Vehumet.
  2138 | D        | Noticed Dowan
  2139 | D        | Noticed Duvessa
  2142 | D        | Killed Dowan
  2142 | D        | Reached skill level 24 in Spellcasting
  2144 | D        | Killed Duvessa
  2245 | D        | Noticed a five-headed hydra
  2246 | D        | Noticed an eight-headed hydra
  2247 | D        | Killed a five-headed hydra
  2249 | D        | Offered knowledge of Spellforged Servitor by Vehumet.
  2250 | D        | Killed an eight-headed hydra
  2274 | D        | Identified the cursed ring of Myampyar {Ice Str+7, (Curse:
                  | -Vis)}
  2334 | D        | Learned a level 7 spell: Spellforged Servitor
  2417 | D        | Noticed a lindwurm
  2419 | D        | Received a gift from Vehumet
  2427 | D        | Killed a lindwurm
  2427 | D        | Reached XP level 12. HP: 64/64 MP: 42/42
  2508 | D        | Reached skill level 25 in Spellcasting
  2610 | D        | Reached skill level 5 in Armour
  2662 | D        | Reached skill level 5 in Summonings
  2677 | D        | Offered knowledge of Fire Storm by Vehumet.
  2677 | D        | Offered knowledge of Shatter by Vehumet.
  2677 | D        | Offered knowledge of Tornado by Vehumet.
  2742 | D        | Learned a level 9 spell: Fire Storm
  3071 | D        | Noticed an azure jelly
  3071 | D        | Noticed an azure jelly
  3091 | D        | Noticed Rupert
  3105 | D        | Demolished by Rupert

Levels and vault maps discovered:
D:        dungeon_sprint_mu [sprint_mu_entry_cave, sprint_mu_temple_rooms,
          sprint_mu_d1_spiders, sprint_mu_d2_genie, sprint_mu_d3_branching,
          sprint_mu_orc_legion, sprint_mu_elf_gauntlet, sprint_mu_hive_nellie,
          sprint_mu_lair_fedhas, sprint_mu_vaults_butterflies,
          sprint_mu_slime_circle, sprint_mu_swamp_cave, sprint_mu_shoals_archi,
          sprint_mu_blade_basic, sprint_mu_crypt_fortress,
          sprint_mu_tomb_spiral, sprint_mu_vestibule_basic,
          sprint_mu_gehenna_hellfire, sprint_mu_dis_giant,
          sprint_mu_tartarus_statrot, sprint_mu_cocytus_islands, sprint_mu_zot1]

Skill      XL: |  1  2  3  4  5  6  7  8  9 10 11 12 |
---------------+-------------------------------------+-----
Spellcasting   | 6 9 13 15 18 19 22 24 25 | 25.3
Fire Magic     | 5 8 12 13 15 17 19 21 22 | 22.2
Armour         | 2 7 |  7.1
Summonings     | 2 6 |  6.4
Dodging        | |  2.4
Stealth        | |  2.4

Action                   |  1- 3 |  4- 6 |  7- 9 | 10-12 || total
-------------------------+-------+-------+-------+-------++-------
Melee: Unarmed           |    16 |       |       |       ||    16
       Long sword        |       |       |       |     1 ||     1
       Staff             |       |       |       |     1 ||     1
 Cast: Foxfire           |    17 |     1 |       |       ||    18
       Conjure Flame     |     3 |     2 |    18 |     2 ||    25
       Searing Ray       |     2 |     4 |    10 |       ||    16
       Fireball          |       |     1 |    25 |    25 ||    51
       Sticky Flame      |       |       |     4 |       ||     4
       Swiftness         |       |       |     1 |       ||     1
       Ignition          |       |       |     2 |     2 ||     4
       Bolt of Fire      |       |       |       |    42 ||    42
  Use: Potion            |     1 |       |     1 |       ||     2
       Scroll            |       |       |     1 |     1 ||     2
  Eat: Chunk             |       |       |     2 |     3 ||     5
       Ration            |       |       |       |     1 ||     1
Dodge: Dodged            |     3 |     1 |     6 |     6 ||    16
       Rpst.: Unarmed    |       |       |     2 |       ||     2
       Long sword        |       |       |     1 |     3 ||     4
       Dagger            |       |       |       |     2 ||     2
